Map: Ever Dream LE

Players

Slaight - Winner!

  • Race: Protoss Protoss
  • League: Platinum
  • Spawn Location: 1:00

VOD

Have the link to the VOD?

Description

Time

  • Played on: July 24, 2020, 2:27 a.m.
  • Length: 8:06
Show
View Real Time Build Order
Export as new Build Order

Slaight Protoss - Winner!

Build Orders:  

Get SALT Encoding   

  12  0:04  Probe (Chrono Boost)  
  14  0:20  Probe (Chrono Boost)  
  14  0:26  Pylon  
  14  0:36  Assimilator  
  14  0:43  Probe (Chrono Boost)  
  16  1:00  Probe (Chrono Boost)  
  16  1:05  Gateway  
  16  1:17  Probe (Chrono Boost)  
  17  1:34  Probe (Chrono Boost)  
  19  1:51  Probe (Chrono Boost)  
  19  2:01  Nexus  
  19  2:14  Cybernetics Core  
  20  2:20  Probe (Chrono Boost)  
  20  2:29  Assimilator  
  20  2:37  Probe (Chrono Boost)  
  21  2:50  Pylon  
  21  2:57  Probe (Chrono Boost)  
  22  3:16  Robotics Facility  
  24  3:34  Probe (Chrono Boost)  
  25  3:45  Unknown  
  25  3:47  Probe (Chrono Boost)  
  27  3:50  Unknown  
  27  3:51  Probe (Chrono Boost)  
  27  3:52  Stalker  
  29  4:08  Warp Prism  
  29  4:09  Probe (Chrono Boost)  
  30  4:14  Twilight Council  
  31  4:20  Probe (Chrono Boost)  
  33  4:33  Warp Gate  
  33  4:42  Immortal  
  33  4:43  Probe (Chrono Boost)  
  33  4:46  Probe (Chrono Boost)  
  40  5:00  Probe (Chrono Boost)  
  40  5:03  Probe (Chrono Boost)  
  41  5:27  Probe (Chrono Boost)  
  42  5:37  Immortal  
  46  5:53  Pylon  
  46  5:59  Gateway  
  46  6:00  Gateway  
  46  6:03  Gateway  
  46  6:06  Gateway  
  46  6:21  Pylon, Charge  
  46  6:27  Gateway  
  46  6:31  Gateway  
  46  6:48  Gateway  
  46  6:52  Gateway  
  46  7:07  Pylon  
  44  7:25  Zealot x5  
Tags
 
Add a new tag
Caveats
  • Supply blocks, unpowered buildings, or Contaminate may cause inaccurate times.
  • Supply counts are checked every 10 seconds.